 Dungeon Crawl Stone Soup version 0.19-a0-994-g3c636f0 (webtiles) character file.

3539 HAL9000 the Basher (level 10, -3/110 HPs)
             Began as an Ogre Hunter on July 17, 2016.
             Was an Elder of Uskayaw.
             Slain by a wight
             ... wielding a +1 halberd
              (8 damage)
             ... on level 7 of the Dungeon.
             The game lasted 00:15:41 (7393 turns).

HAL9000 the Basher (Ogre Hunter)                    Turns: 7393, Time: 00:15:42

Health: -3/110     AC:  4    Str: 19    XL:     10   Next: 8%
Magic:  5/10       EV: 11    Int: 10    God:    Uskayaw [****..]
Gold:   354        SH:  0    Dex: 10    Spells: 0 memorised, 9 levels left

rFire  + + +     SeeInvis .     H - +5 mace of Fundamental Breach {freeze, rF++ rN+ Dex-3}
rCold  . . .     Gourm    .     N - +1 robe {rF+}
rNeg   + . .     Faith    .     (no shield)
rPois  .         Spirit   .     (helmet restricted)
rElec  .         Dismiss  .     (no cloak)
rCorr  .         Reflect  .     (gloves unavailable)
SustAt .         Harm     .     (boots unavailable)
MR     ++...                    (no amulet)
Stlth  ++........               B - ring of protection from magic
                                k - ring of stealth

@: flying, drained, very resistant to hostile enchantments, unstealthy
A: unfitting armour, tough skin 1
a: Stomp, Line Pass, Renounce Religion


You were on level 7 of the Dungeon.
You worshipped Uskayaw.
Uskayaw was noncommittal.
You were very hungry.

You visited 1 branch of the dungeon, and saw 7 of its levels.

You collected 354 gold pieces.

Inventory:

Hand Weapons
 r - a +1 mace of protection
 H - the +5 mace of Fundamental Breach (weapon) {freeze, rF++ rN+ Dex-3}
   (You found it on level 5 of the Dungeon)

   It has been specially enchanted to freeze those struck by it, causing extra
   injury to most foes and up to half again as much damage against particularly
   susceptible opponents.
   It can also slow down cold-blooded creatures.
   It affects your dexterity (-3).
   It greatly protects you from fire.
   It protects you from negative energy.
Missiles
 c - a large rock (quivered)
 d - 2 throwing nets
Armour
 N - a +1 robe of fire resistance (worn)
Jewellery
 k - a ring of stealth (left hand)
 B - a ring of protection from magic (right hand)
Wands
 L - a wand of disintegration (22/24)
 V - a wand of confusion (30/48)
Scrolls
 i - 8 scrolls of identify {unknown}
 t - 6 scrolls of remove curse {unknown}
 v - 2 scrolls of recharging {unknown}
 y - a scroll of amnesia {unknown}
 D - a scroll of fog {unknown}
 E - 2 scrolls of magic mapping {unknown}
 I - a scroll of immolation {unknown}
 O - a scroll of teleportation {unknown}
 P - a scroll of random uselessness {unknown}
 T - 2 scrolls of enchant weapon {unknown}
Potions
 j - a potion of agility {unknown}
 l - a potion of berserk rage {unknown}
 m - 2 potions of heal wounds {unknown}
 o - a potion of lignification {unknown}
 p - a potion of magic {unknown}
 s - a potion of ambrosia {unknown}
 w - 2 potions of flight
 x - 2 potions of degeneration {unknown}
 A - a potion of cancellation {unknown}
 J - a potion of might {unknown}
 Q - a potion of resistance {unknown}
 R - 2 potions of invisibility {unknown}
 U - a potion of haste {unknown}
Books
 F - a book of Frost

   Spells                             Type                      Level
   a - Freeze                         Ice                          1
   b - Throw Frost                    Conjuration/Ice              2
   c - Ozocubu's Armour               Charms/Ice                   3
   d - Throw Icicle                   Conjuration/Ice              4
   e - Summon Ice Beast               Ice/Summoning                4
Comestibles
 f - 3 bread rations
 h - 3 slices of pizza
 n - a royal jelly
 u - 6 fruits
 z - 5 meat rations


   Skills:
 + Level 9.9(9.1) Fighting
 * Level 13.1(12.2) Maces & Flails
 - Level 4.0(3.3) Throwing
 + Level 5.7(5.0) Dodging
 - Level 0.7(0.1) Stealth


You had 9 spell levels left.
You didn't know any spells.

Dungeon Overview and Level Annotations

Branches:
Dungeon (7/15)             Temple (0/1) D:6

Altars:
Cheibriados
Fedhas
Hepliaklqana
Uskayaw
Vehumet
Xom
Yredelemnul
Zin


Innate Abilities, Weirdness & Mutations

You are too large for most types of armour.
You have tough skin. (AC +1)


Message History

The wight hits you but does no damage.
The wight hits you from afar with an enchanted halberd.
* * * LOW HITPOINT WARNING * * *
Throwing (i - inventory. (,) - cycle):
c - 3 large rocks (quivered)
Press: ? - help, Shift-Dir - straight line, f - wight
Aim: a wight, wielding a dire flail and wearing a robe (moderately damaged)
You throw a large rock. The large rock hits the wight!!
You destroy the wight!
The big kobold changes into something you cannot see!
The wight closely misses you.
Uskayaw will force your foes to share their pain.
Unknown command.
Throwing (i - inventory. (,) - cycle):
c - 2 large rocks (quivered)
Press: ? - help, Shift-Dir - straight line, f - wight
Aim: a wight, wielding an enchanted halberd and wearing a robe (moderately damaged)
You throw a large rock. The large rock barely misses the wight.
The giant frog changes into a crocodile!
The wight closely misses you.
The wight hits you from afar with an enchanted halberd!
You die...

.#.._..# ####
#.....#######..
#_._..#>..P....
#.....#.......##+###
#>.t.!#..P_.........
#######......#......
#..........'<.....
##..##.####...(....
#.@.##...)..'....)(
#)###########......
#z#.....# #......
#)#.....# ####### #
#)#.....#
#.#)......###
#...K........
#####........
#...)........


You could see a crocodile shaped shifter and a wight.

Vanquished Creatures
  A manticore (D:7)
  A water moccasin (D:5)
  2 orc warriors
  3 ice beasts (D:6)
  The ghost of Drakanon the Cudgeler, an amateur OgWz (D:3)
  A sky beast (D:6)
  2 black bears
  2 ogres (D:4)
  4 centaurs
  A big kobold (D:7)
  2 giant frogs (D:6)
  A scorpion (D:5)
  10 wights (D:7)
  A giant frog zombie (D:7)
  The ghost of 4thArraOfDagon the Firebug, a weakling DEFE (D:5)
  3 crimson imps
  4 jellies
  2 hounds
  6 orc wizards
  2 giant frog skeletons
  4 orc priests
  A centaur skeleton (D:4)
  Jessica (D:2)
  An iguana (D:6)
  2 worker ants
  Terence (D:2)
  Robin (D:2)
  8 gnolls
  7 adders
  A shadow imp (D:5)
  An ooze (D:1)
  An adder zombie (D:2)
  2 adder skeletons
  A dart slug (D:3)
  3 giant geckos
  26 orcs
  3 ball pythons
  A bat zombie (D:2)
  4 giant cockroaches
  7 hobgoblins
  13 jackals
  8 kobolds
  A quokka (D:7)
  9 bats
  A giant cockroach zombie (D:2)
  2 giant gecko skeletons
  A giant gecko zombie (D:2)
  2 giant newts (D:1)
  15 goblins
  7 rats
185 creatures vanquished.

Vanquished Creatures (others)
  11 fungi (D:7)
  3 plants (D:7)
14 creatures vanquished.

Grand Total: 199 creatures vanquished

Notes
Turn   | Place    | Note
-------+----------+-------------------------------------------
     0 | D:1      | HAL9000 the Ogre Hunter began the quest for the Orb.
     0 | D:1      | Reached XP level 1. HP: 22/22 MP: 1/1
    53 | D:1      | Reached skill level 1 in Maces & Flails
    53 | D:1      | Reached XP level 2. HP: 15/31 MP: 2/2
   386 | D:1      | Reached skill level 2 in Maces & Flails
   884 | D:2      | Reached XP level 3. HP: 18/37 MP: 3/3
   954 | D:2      | Noticed Jessica
  1145 | D:2      | Killed Jessica
  1145 | D:2      | Reached skill level 3 in Maces & Flails
  1211 | D:2      | Found a hide-covered altar of Uskayaw.
  1230 | D:2      | Reached XP level 4. HP: 38/48 MP: 4/4
  1252 | D:2      | Became a worshipper of Uskayaw the Reveler
  1259 | D:2      | Noticed Terence
  1261 | D:2      | Reached * piety under Uskayaw
  1262 | D:2      | Killed Terence
  1337 | D:2      | Found a snail-covered altar of Cheibriados.
  1361 | D:2      | Reached skill level 4 in Maces & Flails
  1369 | D:2      | Reached ** piety under Uskayaw
  1384 | D:2      | Noticed Robin
  1518 | D:2      | Killed Robin
  1518 | D:2      | Reached XP level 5. HP: 37/55 MP: 5/5
  1602 | D:2      | Found a blossoming altar of Fedhas.
  1898 | D:3      | Reached skill level 5 in Maces & Flails
  1914 | D:3      | Noticed Drakanon's ghost (amateur OgWz)
  1949 | D:3      | Reached *** piety under Uskayaw
  1950 | D:3      | Killed Drakanon's ghost
  1950 | D:3      | Reached skill level 5 in Fighting
  1950 | D:3      | Reached XP level 6. HP: 41/66 MP: 6/6
  2033 | D:3      | Reached skill level 6 in Maces & Flails
  2526 | D:3      | Found a glowing silver altar of Zin.
  2602 | D:3      | Reached skill level 7 in Maces & Flails
  2629 | D:3      | You fall through a shaft for 3 floors!
  2790 | D:5      | Entered Level 5 of the Dungeon
  2851 | D:5      | Got a shimmering mace
  2852 | D:5      | Identified the +5 mace of Fundamental Breach {freeze, rF++ rN+ Dex-3} (You found it on level 5 of the Dungeon)
  2938 | D:5      | Reached XP level 7. HP: 69/74 MP: 7/7
  2976 | D:5      | Noticed 4thArraOfDagon's ghost (weakling DEFE)
  2995 | D:5      | Killed 4thArraOfDagon's ghost
  2999 | D:5      | Reached skill level 8 in Maces & Flails
  3669 | D:6      | Reached XP level 8. HP: 79/84 MP: 8/8
  3676 | D:6      | Reached skill level 9 in Maces & Flails
  3952 | D:4      | Found a basalt altar of Yredelemnul.
  4271 | D:4      | Reached **** piety under Uskayaw
  4274 | D:4      | Reached ***** piety under Uskayaw
  4276 | D:4      | Reached skill level 10 in Maces & Flails
  4936 | D:4      | Found a basalt altar of Yredelemnul.
  5343 | D:6      | Reached XP level 9. HP: 68/96 MP: 9/9
  5407 | D:6      | Found a staircase to the Ecumenical Temple.
  5666 | D:6      | Reached skill level 11 in Maces & Flails
  6154 | D:6      | Found a radiant altar of Vehumet.
  6680 | D:7      | Reached skill level 12 in Maces & Flails
  6898 | D:7      | Reached skill level 5 in Dodging
  6910 | D:7      | Found a hazy altar of Hepliaklqana.
  7055 | D:7      | Noticed a manticore
  7064 | D:7      | Killed a manticore
  7177 | D:7      | Found a blossoming altar of Fedhas.
  7226 | D:7      | Found a shimmering altar of Xom.
  7226 | D:7      | Found a shimmering altar of Xom.
  7330 | D:7      | Found a shimmering altar of Xom.
  7359 | D:7      | Reached XP level 10. HP: 91/109 MP: 10/10
  7381 | D:7      | Reached skill level 13 in Maces & Flails
  7391 | D:7      | HP: 4/110 [wight/enchanted halberd (2)]
  7393 | D:7      | Slain by a wight

Vault maps used:
D:1:      onia_arrival_handbag
D:2:      eat_drink_and_be_merry_uskayaw, overflow_temple_1_default,
          cheibriados_altar_1, serial_undead, serial_undead_c, serial_undead_f,
          serial_undead_a, serial_undead_d, uniq_jessica, uniq_robin,
          uniq_terence
D:3:      overflow_temple_1_default
D:4:      overflow_temple_1_default, yredelemnul_altar_generic
D:5:      lemuel_upstairs_altar, first_bread, serial_bayou_ford_a
D:6:      wad_crossroads, marbit_many_paths
D:7:      xom_shifter_show, old_standard_altar, the_bakery, fedhas_altar_3

Skill      XL: |  1  2  3  4  5  6  7  8  9 10 |
---------------+-------------------------------+-----
Fighting       | 3 4 5 6 8 9 |  9.9
Maces & Flails | 1 2 3 4 5 7 8 10 12 13 | 13.1
Dodging        | 2 4 5 |  5.7
Throwing       | |  4.0
Stealth        | |  0.7

Action                   |  1- 3 |  4- 6 |  7- 9 | 10-12 || total
-------------------------+-------+-------+-------+-------++-------
Melee: Club              |   121 |     3 |       |       ||   124
       Short sword       |     5 |       |       |       ||     5
       Mace              |       |   184 |   229 |    17 ||   430
Throw: Large rock        |     4 |    22 |    39 |     6 ||    71
Invok: Line Pass         |       |       |       |     2 ||     2
  Use: Potion            |       |       |       |     1 ||     1
 Stab: Sleeping          |     2 |     4 |     4 |       ||    10
       Distracted        |       |     1 |       |       ||     1
       Paralysed         |       |       |    10 |     1 ||    11
       Confused          |       |       |       |     1 ||     1
  Eat: Chunk             |     1 |     6 |    13 |       ||    20
       Fruit             |       |       |     1 |       ||     1
Armor: Robe              |    60 |   130 |    39 |     3 ||   232
Dodge: Dodged            |   113 |   119 |   108 |    12 ||   352
